 Dungeon Crawl Stone Soup version 0.23.2-40-g277498a001 (webtiles) character file.

Game seed: 2799035455669372770

85 MalarOregon the Shield-Bearer (level 4, -5/40 HPs)
             Began as a Draconian Fighter on Sept 13, 2019.
             Splashed by a jelly's acid (7 damage)
             ... on level 3 of the Dungeon.
             The game lasted 00:03:20 (1415 turns).

MalarOregon the Shield-Bearer (Draconian Fighter)   Turns: 1415, Time: 00:03:20

Health: -5/40      AC:  1    Str: 18    XL:     4   Next: 25%
Magic:  5/5        EV: 10    Int: 10    God:
Gold:   64         SH:  9    Dex: 10    Spells: 5/5 levels left

rFire    . . .     SeeInvis .   p - +1 whip (freeze)
rCold    . . .     Gourm    .   b - +0 shield
rNeg     . . .     Faith    .   (armour unavailable)
rPois    .         Spirit   .   (helmet restricted)
rElec    .         Reflect  .   (no cloak)
rCorr    .         Harm     .   (no gloves)
MR       .....     Rnd*Tele +   (no boots)
Stlth    +.........             (no amulet)
HPRegen  0.13/turn              o - ring of teleportation (curse)
MPRegen  0.09/turn              (no ring)

@: corroded
A: unfitting armour, cold-blooded, AC +5
a: no special abilities


You were on level 3 of the Dungeon.
You were not hungry.

You visited 1 branch of the dungeon, and saw 3 of its levels.

You collected 64 gold pieces.

Inventory:

Hand Weapons
 p - a +1 whip of freezing (weapon)
   (You took it off a hobgoblin on level 2 of the Dungeon)
Armour
 b - a +0 shield (worn)
Jewellery
 o - a cursed ring of teleportation (left hand)
   (You found it on level 2 of the Dungeon)
Scrolls
 d - a scroll of teleportation {unknown}
 f - a scroll of magic mapping {unknown}
 j - a scroll of remove curse {unknown}
 l - a scroll of immolation {unknown}
Potions
 c - a potion of might
 g - a potion of heal wounds {unknown}
 h - 2 potions of berserk rage {unknown}
 i - a potion of ambrosia {unknown}
 k - a potion of agility {unknown}
 m - 2 potions of brilliance {unknown}
 n - a potion of invisibility {unknown}
Comestibles
 a - 4 chunks of flesh
 e - a ration {!d}


   Skills:
 + Level 3.7 Fighting
   Level 2.2 Long Blades
 + Level 0.6 Maces & Flails
 + Level 3.1 Dodging
 * Level 3.9 Shields
 + Level 1.1 Spellcasting


You had 5 spell levels left.
You didn't know any spells.
Your spell library was empty.

Dungeon Overview and Level Annotations

Branches:
Dungeon (3/15)

Altars:


Innate Abilities, Weirdness & Mutations

Your plain brown scales are hard. (AC +5)
You cannot fit into any form of body armour.
You are cold-blooded and may be slowed by cold attacks.


Message History

You are suddenly yanked towards some nearby monsters!
Your surroundings suddenly seem different.
A kobold comes into view. It is wielding a +0 short sword.
The kobold shouts!
A dart slug comes into view.
You closely miss the kobold. The kobold hits you but does no damage.
You hit the kobold but do no damage. You block the kobold's attack.
You hit the kobold. You freeze the kobold. The kobold barely misses you.
The kobold hits you with a +0 short sword.
* * * LOW HITPOINT WARNING * * *
Your shield prevents you from hitting the kobold.
The kobold closely misses you.
You hit the kobold but do no damage. You block the kobold's attack.
Your shield prevents you from hitting the kobold.
You tail-slap the kobold.
You kill the kobold!
You see here a +0 short sword.
The dart slug bites you but does no damage.
You whack the dart slug! You freeze the dart slug. You tail-slap the dart slug.
You kill the dart slug!
You see here a dart slug corpse.
You see here a dart slug corpse.
You butcher the dart slug corpse.
a - 4 chunks of flesh (gained 1)
You start resting.
You feel strangely unstable.
You are suddenly yanked towards a nearby monster!
Your surroundings suddenly seem different.
A jelly comes into view.
The jelly quivers.
Found an escape hatch in the ceiling.
You block the jelly's attack.
Found a stone staircase leading down.
You hit the jelly. You freeze the jelly. The acid corrodes you!
Your hands burn!
* * * LOW HITPOINT WARNING * * *
The jelly barely misses you.
You hit the jelly. You freeze the jelly.
Your hands burn!
* * * LOW HITPOINT WARNING * * *
The jelly hits you.
* * * LOW HITPOINT WARNING * * *
You are splashed with acid!
* * * LOW HITPOINT WARNING * * *
You hit the jelly. You freeze the jelly.
Your hands burn!
* * * LOW HITPOINT WARNING * * *
You tail-slap the jelly, but do no damage.
You block the jelly's attack. The jelly hits you.
* * * LOW HITPOINT WARNING * * *
You are splashed with acid!
You die...

#...# #...# #...#
#...# #...# #...#
..####...#########
.........@J......>
<.###...##.#####.
#...# .# ##### .#
.# .# .# ..


You could see a jelly.

Vanquished Creatures
  3 adders (D:2)
  A worm (D:3)
  3 dart slugs
  4 leopard geckos
  2 giant cockroaches
  2 goblins (D:1)
  5 hobgoblins
  8 kobolds
  A quokka (D:2)
  7 bats
  4 frilled lizards
  7 rats
47 creatures vanquished.

Notes
Turn   | Place    | Note
-------+----------+-------------------------------------------
     0 | D:1      | MalarOregon the Draconian Fighter began the quest for the
                  | Orb.
     0 | D:1      | Reached XP level 1. HP: 19/19 MP: 1/1
   176 | D:1      | Reached XP level 2. HP: 20/26 MP: 2/2
   549 | D:2      | Reached XP level 3. HP: 31/31 MP: 4/4
   857 | D:2      | Reached skill level 1 in Spellcasting
   866 | D:2      | Reached XP level 4. HP: 25/40 MP: 5/5
  1415 | D:3      | HP: 2/40 [jelly (1)]
  1415 | D:3      | Splashed by a jelly's acid

Skill      XL: |  1  2  3 |
---------------+----------+-----
Dodging        | 3 |  3.1
Spellcasting   | 1 |  1.1
Fighting       | |  3.7
Long Blades    | |  2.2
Maces & Flails | |  0.6
Shields        | |  3.9

Action                   |  1- 3 |  4- 6 || total
-------------------------+-------+-------++-------
Melee: Long sword        |    92 |       ||    92
       Tailslap          |    12 |     5 ||    17
       Whip              |    26 |    44 ||    70
 Stab: Sleeping          |     1 |       ||     1
  Eat: Chunk             |       |     2 ||     2
Armor: Skin              |    37 |    12 ||    49
Dodge: Dodged            |    55 |    17 ||    72
Block: Shield            |    62 |    16 ||    78
       Rpst.: Long sword |    13 |       ||    13
